[Event "*** Titled Tuesday Blitz"]
[Site "Chess.com"]
[Date "2021.04.20"]
[Round "6"]
[White "Eloist"]
[Black "GelmanAlexander"]
[Result "0-1"]
[WhiteElo "2378"]
[BlackElo "2590"]
[TimeControl "180+1"]
[EndTime "11:05:51 PDT"]
[Termination "GelmanAlexander won on time"]

1. e4 c5 2. Nf3 e6 3. d4 cxd4 4. Nxd4 a6 5. Bd3 d6 6. O-O Nf6 7. Qe2 Be7 8. f4 Qc7 9. Kh1 Bd7 10. Be3 Nc6 11. c3 h5 12. Nd2 h4 13. N2f3 Rc8 14.
Rae1 h3 15. g3 b5 16. a4 Nxd4 17. Nxd4 Qb7 18. Qf3 bxa4 19. e5 Qxf3+ 20. Nxf3 Ng4 21. Bd4 Bb5 22. Bxb5+ axb5 23. exd6 Bxd6 24. Bxg7 Rh5 25. Nd4 Rh7 26. Nxb5 Bc5 27. Bd4 Ke7 28. f5 e5 29.
Re4 Kf6 30. Bxc5 Rxc5 31. Nd6 Nh6 32. Nc4 Rh8 33. g4 Rg8 34. Ne3 Kg5 35. Kg1 Rd8 36.
Nd1 Rd2 0-1

[Event "*** Titled Tuesday Blitz"]
[Site "Chess.com"]
[Date "2021.04.20"]
[Round "6"]
[White "Mbneu"]
[Black "LamaChampetre"]
[Result "0-1"]
[WhiteElo "2316"]
[BlackElo "2199"]
[TimeControl "180+1"]
[EndTime "11:05:52 PDT"]
[Termination "LamaChampetre won on time"]

1. d4 Nf6 2. c4 g6 3. Nc3 d5 4. cxd5 Nxd5 5. g3 Bg7 6. Bg2 Nxc3 7. bxc3 O-O 8. e3 c5 9. Ne2 Nc6 10. O-O Bg4 11. h3 Bf5 12. e4 Bc8 13. d5 Na5 14. Be3 b6 15. Qc1 e6 16. Bh6 exd5 17. Bxg7 Kxg7 18.
exd5 Ba6 19. Re1 Bxe2 20. Rxe2 Qd6 21. Qg5 Rae8 22. Rae1 h6 23. Qg4 Rxe2 24. Qxe2 Rd8 25. f4 Qf6 26. Qe7 Nc4 27. Bf1 Nd2 28. Bg2 Nc4 29. Kh2 Qxc3 30. Re5 Nxe5 31. fxe5 Rf8 32. d6 Qd4 33. d7 c4 34. e6 c3 35. exf7 c2 36.
d8=Q Qxd8 37. Qe5+ Kh7 38. Qc3 Qc8 0-1

[Event "*** Titled Tuesday Blitz"]
[Site "Chess.com"]
[Date "2021.04.20"]
[Round "6"]
[White "anon102030"]
[Black "mishanick"]
[Result "0-1"]
[WhiteElo "2728"]
[BlackElo "2967"]
[TimeControl "180+1"]
[EndTime "11:05:53 PDT"]
[Termination "mishanick won by checkmate"]

1. e4 c5 2. Nc3 d6 3. g3 Nc6 4.
Bg2 g6 5. d3 Bg7 6. Be3 Rb8 7.
Nf3 Nd4 8. Bxd4 cxd4 9. Ne2 Qb6 10.
c3 Qxb2 11. Nfxd4 Bd7 12. O-O Nf6 13. h3 O-O 14. f4 Qb6 15. Kh1 Qc7 16. Qd2 b5 17.
Rac1 a5 18. g4 Rbd8 19. Ng3 e5 20. Nde2 exf4 21. Nxf4 Be6 22. d4 Bc4 23. Rf2 Qe7 24. g5 Nd7 25. h4 f6 26. Re1 fxg5 27. Nd5 Bxd5 28. exd5 Rxf2 29. Qxf2 Qf6 30. Qe2 gxh4 31. Ne4 Qe7 32. Bh3 b4 33. cxb4 axb4 34. Qd2 Nf8 35.
Ng5 Qb7 36. Be6+ Nxe6 37. Nxe6 Qxd5+ 38. Kh2 Rc8 39. Nxg7 Kxg7 40. Re7+ Kg8 41. Qe2 Qf5 42. Re8+ Rxe8 43. Qxe8+ Kg7 44. Qe7+ Kh6 45. Qxd6 Qf2+ 46. Kh1 h3 47. Qe5 Qg2# 0-1

[Event "*** Titled Tuesday Blitz"]
[Site "Chess.com"]
[Date "2021.04.20"]
[Round "6"]
[White "dmitrijiIM"]
[Black "Jungle_Jaguar"]
[Result "1-0"]
[WhiteElo "2552"]
[BlackElo "2699"]
[TimeControl "180+1"]
[EndTime "11:05:53 PDT"]
[Termination "dmitrijiIM won by resignation"]

1. e4 c5 2. Nf3 d6 3. d4 cxd4 4. Nxd4 Nf6 5. Nc3 Nc6 6. Bg5 e6 7. Qd2 a6 8. O-O-O Bd7 9. f3 Be7 10. Be3 b5 11. Nxc6 Bxc6 12. Ne2 Rc8 13. Kb1 Nd7 14.
Nd4 Bb7 15. Nb3 Ne5 16. Na5 Ba8 17. Be2 O-O 18. Rc1 d5 19. f4 Nc4 20. Nxc4 bxc4 21.
c3 dxe4 22. Qxd8 Rfxd8 23. Rcd1 Rd3 24. Bxd3 exd3 25. Rd2 Be4 26. Re1 f5 27. g3 Kf7 28.
Bd4 a5 29. Kc1 a4 30. a3 Bf6 31. Bxf6 gxf6 32. Rf2 Rg8 33. Kd2 Ke7 34. Ke3 Kd6 35. Kd4 Rc8 36. g4 e5+ 37. fxe5+ fxe5+ 38. Ke3 Rf8 39. gxf5 Bd5 40. Rg1 e4 41. Rg7 Ke5 42. Re7+ Kf6 43. Rxh7 Rg8 44. Rh6+ Ke5 45. Rg6 Rh8 46. Rg3 Rh6 47. f6 Bf7 48. Rf4 Rxh2 49. Rxe4+ Kd6 50.
Re7 Re2+ 51. Kd4 d2 52. Rg1 Rf2 53. Rxf7 Rf3 54. Rd1 Rd3+ 55. Kxc4 Ke6 56. Kxd3 1-0

[Event "*** Titled Tuesday Blitz"]
[Site "Chess.com"]
[Date "2021.04.20"]
[Round "6"]
[White "topin8"]
[Black "ybruned"]
[Result "0-1"]
[WhiteElo "2168"]
[BlackElo "2321"]
[TimeControl "180+1"]
[EndTime "11:05:53 PDT"]
[Termination "ybruned won on time"]

1. e4 b6 2. d4 Bb7 3. Bd3 e6 4. Nf3 d5 5. e5 c5 6. c3 Qc8 7.
O-O Ba6 8. Qa4+ Qd7 9. Qc2 Bxd3 10. Qxd3 Nc6 11. a3 Nge7 12. b4 cxd4 13. cxd4 Nf5 14. g4 Nfe7 15. Bb2 h5 16. g5 Nf5 17. h4 Be7 18. Kg2 O-O 19. Nc3 g6 20. Ne2 Rfc8 21. Rfc1 Qb7 22. Kh3 Bf8 23. Nd2 a5 24. b5 Na7 25. a4 Rxc1 26. Rxc1 Rc8 27. Nb3 Rxc1 28. Bxc1 Qc7 29. Bd2 Nc8 30. Qc3 Qxc3+ 31. Bxc3 Be7 32. Nxa5 Bd8 33. Nc6 Bc7 34. Bb4 Kg7 35. Nc1 Kg8 36. Nb3 Kg7 37. f4 Kg8 38. a5 bxa5 39. Ncxa5 Bb6 40.
Bc5 Bc7 41. Nc6 Nb6 42. Nd2 Na4 43. Nb3 Kg7 44. Nc1 Bb6 45. Nd3 Bc7 46. Ndb4 Bb6 47.
Na6 Ne3 48. Ncb4 Nc4 49. Nb8 Nd2 0-1

[Event "*** Titled Tuesday Blitz"]
[Site "Chess.com"]
[Date "2021.04.20"]
[Round "6"]
[White "Sanyura"]
[Black "ErikRonka"]
[Result "0-1"]
[WhiteElo "2594"]
[BlackElo "2478"]
[TimeControl "180+1"]
[EndTime "11:05:54 PDT"]
[Termination "ErikRonka won on time"]

1. e4 c6 2. Nc3 d5 3. Nf3 dxe4 4. Nxe4 Nd7 5. Qe2 Ndf6 6. c3 Nxe4 7.
Qxe4 Nf6 8. Qh4 Bf5 9. d4 e6 10. Bc4 Be7 11. Qg3 O-O 12. Ne5 c5 13. Be3 cxd4 14.
Bxd4 Ne4 15. Qf3 Bf6 16. Qe2 Qc7 17. Nf3 e5 18. Be3 Nd6 19. Bb3 Bg4 20. h3 Bh5 21.
g4 Bg6 22. O-O Rad8 23. Rfd1 Rfe8 24. g5 Be7 25. Nxe5 Nf5 26. Nxg6 hxg6 27. Qf3 Nxe3 28. Bxf7+ Kh7 29. fxe3 Rxd1+ 30. Rxd1 Rd8 31. Rf1 Bxg5 32. Kh1 Rd2 33. Rf2 Rxf2 34. Qxf2 Qd7 35. Qf3 Qd2 36. Qe4 Qe1+ 37. Kg2 Qe2+ 38. Kh1 Qf1+ 39. Kh2 Qxf7 40. Qg4 Qf5 0-1

[Event "*** Titled Tuesday Blitz"]
[Site "Chess.com"]
[Date "2021.04.20"]
[Round "6"]
[White "JAAC2002"]
[Black "NikolaGry"]
[Result "1/2-1/2"]
[WhiteElo "2525"]
[BlackElo "2701"]
[TimeControl "180+1"]
[EndTime "11:05:55 PDT"]
[Termination "Game drawn by repetition"]

1. e4 d6 2. d4 Nf6 3. Nc3 g6 4. f4 Bg7 5. Nf3 c5 6. dxc5 Qa5 7. Bd3 Qxc5 8. Qe2 Bg4 9. Be3 Qa5 10. O-O O-O 11. Qf2 Bxf3 12. Qxf3 Nc6 13. a3 Rac8 14. Kh1 Nd7 15. Bd2 a6 16. f5 Nde5 17. Qh3 Nxd3 18.
cxd3 Qb6 19. Nd5 Qxb2 20. Bg5 Qxa1 21. Rxa1 Bxa1 22. Qh4 f6 23. Be3 Rf7 24. fxg6 hxg6 25. Qg4 Rcf8 26. Bh6 Ne5 27. Qe6 Ra8 28. d4 Nc6 29. Nf4 Nxd4 30. Qg4 g5 31. h4 Kh7 32.
hxg5 fxg5 33. Bxg5 Rh8 34. Kg1 Rg7 35. Nh3 Nc6 36.
Qh5+ Kg8 37. Qe8+ Kh7 38. Qh5+ Kg8 39. Qe8+ Kh7 40. Qh5+ 1/2-1/2

[Event "*** Titled Tuesday Blitz"]
[Site "Chess.com"]
[Date "2021.04.20"]
[Round "6"]
[White "annamaja"]
[Black "beautroll"]
[Result "0-1"]
[WhiteElo "2276"]
[BlackElo "2462"]
[TimeControl "180+1"]
[EndTime "11:05:55 PDT"]
[Termination "beautroll won by checkmate"]

1. e4 c5 2. Nf3 d6 3. d4 cxd4 4. Nxd4 Nf6 5. Nc3 a6 6. Be3 e5 7. Nb3 Be6 8. Qd2 Nbd7 9. O-O-O b5 10. f4 b4 11. Nd5 Nxe4 12. Qxb4 Bxd5 13. Rxd5 Nef6 14.
Bc4 Rb8 15. Qa4 Nxd5 16. Bxd5 Be7 17. Bc6 d5 18. fxe5 Rb4 19. Qxa6 O-O 20. Bd4 Qc7 21.
Bxd5 Nxe5 22. Qe2 Bf6 23. Rf1 Ra4 24. a3 Qd6 25. Qb5 Rxd4 26. Nxd4 Rd8 27. c4 Nd3+ 28.
Kd2 Nc5 29. Nf5 Qe5 30. Qxc5 Qxb2+ 31. Ke3 Qc3+ 32. Kf4 Qe5+ 33. Kf3 Qxf5+ 34. Ke2 Qc2+ 35. Kf3 Qf5+ 36. Ke2 Re8+ 37. Kd2 Qxf1 38. Qc7 Qe1+ 39. Kd3 Qc3# 0-1

[Event "*** Titled Tuesday Blitz"]
[Site "Chess.com"]
[Date "2021.04.20"]
[Round "6"]
[White "ckgchess"]
[Black "elohunter1999"]
[Result "1-0"]
[WhiteElo "2701"]
[BlackElo "2502"]
[TimeControl "180+1"]
[EndTime "11:05:56 PDT"]
[Termination "ckgchess won by checkmate"]

1. e4 e6 2. d4 d5 3. Nd2 Nf6 4. e5 Nfd7 5. c3 c5 6. Bd3 Nc6 7. Ne2 cxd4 8. cxd4 f6 9. exf6 Nxf6 10. O-O Bd6 11.
Nf3 Qc7 12. g3 O-O 13. Bf4 Ng4 14. Rc1 Bxf4 15. Nxf4 Rxf4 16. gxf4 Qxf4 17. h3 e5 18.
hxg4 Bxg4 19. Be2 Bh3 20. Kh1 Bxf1 21. Bxf1 e4 22. Nh2 Qxf2 23. Rc2 Qh4 24. Qg4 Qf6 25.
Qh5 Qxd4 26. Rc1 g6 27. Qg4 Qe5 28. Rd1 Rf8 29. Bh3 Rf5 30. Qg2 Rh5 31. Ng4 Qe7 32. Rf1 Rf5 33. Nh6+ Kh8 34. Rxf5 Qh4 35. Nf7+ Kg7 36.
Rf1 d4 37. Ng5 e3 38. Ne6+ Kh6 39. Rf4 Qe1+ 40. Kh2 e2 41. Qg5# 1-0

[Event "*** Titled Tuesday Blitz"]
[Site "Chess.com"]
[Date "2021.04.20"]
[Round "6"]
[White "gmpeter008"]
[Black "klimkoj"]
[Result "1-0"]
[WhiteElo "2482"]
[BlackElo "2608"]
[TimeControl "180+1"]
[EndTime "11:05:57 PDT"]
[Termination "gmpeter008 won on time"]

1. d4 Nf6 2. Bf4 b6 3. Nf3 Bb7 4. e3 d6 5. a4 g6 6. c3 Bg7 7. Nbd2 O-O 8. Be2 Nbd7 9. a5 a6 10. axb6 cxb6 11. O-O Re8 12. Nc4 Qc7 13. Bg3 Bxf3 14.
gxf3 Nh5 15. Kg2 b5 16. Nd2 Nb6 17. f4 Nxg3 18. hxg3 d5 19. Nb3 Na4 20. Qd2 e6 21. Nc1 Nb6 22. Nd3 Nc4 23. Qd1 a5 24. b3 Nd6 25.
Nc5 Reb8 26. Rh1 Bf8 27. Bd3 Nc8 28. b4 a4 29. Qe2 Nd6 30. Qg4 f5 31. Qh4 Qf7 32.
Nxe6 Be7 33. Qh6 Qxe6 34. Qxh7+ Kf8 35. Qh8+ Qg8 36. Qe5 Qg7 37. Rh8+ Kf7 38. Qxd5+ Kf6 39. Rxb8 Rxb8 40. e4 fxe4 41. Bxe4 Nxe4 42. Qxe4 Bd6 43.
d5 Qe7 44. Qd4+ Kf7 45. Rh1 Ke8 46. Rh8+ Kd7 47. Qa7+ Bc7 48. Rxb8 Qe4+ 49. Kh2 Qxd5 50. Rb7 1-0

[Event "*** Titled Tuesday Blitz"]
[Site "Chess.com"]
[Date "2021.04.20"]
[Round "6"]
[White "ural58"]
[Black "GoValya"]
[Result "0-1"]
[WhiteElo "2449"]
[BlackElo "2321"]
[TimeControl "180+1"]
[EndTime "11:05:58 PDT"]
[Termination "GoValya won by checkmate"]

1. e4 e6 2. Qe2 b6 3. b3 Bb7 4. Bb2 c5 5. Nf3 Nf6 6. e5 Nd5 7. g3 d6 8. Bg2 Nc6 9. exd6 Qxd6 10. O-O O-O-O 11. d4 cxd4 12. Nxd4 Nxd4 13. Bxd4 f6 14. c4 Nb4 15. Bxb7+ Kxb7 16. Bc3 Qd3 17. Qxd3 Rxd3 18. a3 Nc2 19. Ra2 Nxa3 20. Nxa3 Bxa3 21. Bxf6 gxf6 22.
Rxa3 Rhd8 23. Kg2 Rc3 24. Re1 e5 25. Re4 Rd7 26. Rh4 Kc6 27. Kh3 Kc5 28. f4 Kb4 29.
Ra1 Kxb3 30. fxe5 fxe5 31. Rb1+ Kc2 32. Re1 Re7 33. Ree4 a5 34. Kg4 a4 35. Kf5 a3 36.
Kf6 Ra7 37. Re1 a2 38. Kxe5 a1=Q 39. Rxa1 Rxa1 40. Rxh7 Rxc4 41. h4 Ra3 42. Rg7 Rc5+ 43. Kf6 b5 44. g4 b4 45. h5 Ra6+ 46. Kf7 Raa5 47. h6 Ra7+ 48. Kf8 Rc8# 0-1

[Event "*** Titled Tuesday Blitz"]
[Site "Chess.com"]
[Date "2021.04.20"]
[Round "6"]
[White "WPWPWP-2015"]
[Black "picturesquecheck"]
[Result "1-0"]
[WhiteElo "2467"]
[BlackElo "2296"]
[TimeControl "180+1"]
[EndTime "11:06:00 PDT"]
[Termination "WPWPWP-2015 won by resignation"]

1. e4 c5 2. Nc3 Nc6 3. Nge2 g6 4. h4 h5 5. g3 Bg7 6. Bg2 Nf6 7. d3 O-O 8. Bg5 d6 9. Qd2 Rb8 10. f3 b5 11. Nd1 b4 12. Ne3 Nh7 13. Nc4 Nxg5 14.
hxg5 Ba6 15. c3 Bxc4 16. dxc4 Ne5 17. b3 bxc3 18. Nxc3 Qa5 19. Rc1 e6 20. Nb5 Qxd2+ 21. Kxd2 Rfd8 22. f4 Ng4 23. Ke2 a6 24. Nc3 f5 25. gxf6 Nxf6 26. Bf3 Ne8 27. f5 exf5 28. exf5 Bxc3 29. Rxc3 Nf6 30. fxg6 Kg7 31. Bxh5 Rh8 32. Bf3 Rbe8+ 33. Kf2 Ng4+ 34. Kg2 Ne3+ 35. Kg1 Rxh1+ 36. Bxh1 Kxg6 37. Bf3 Kg5 38. Rd3 Nf5 39. Rd5 Re5 40. Rd1 Nd4 41. Kg2 Re3 42. Rf1 Rd3 43. Rf2 a5 44. Bd5 Nf5 45. Bf3 Ne3+ 46. Kh2 Nf5 47. Be4 Rd1 1-0

[Event "*** Titled Tuesday Blitz"]
[Site "Chess.com"]
[Date "2021.04.20"]
[Round "6"]
[White "jraosam"]
[Black "JelenaKarleusa-SO-18"]
[Result "0-1"]
[WhiteElo "1906"]
[BlackElo "2658"]
[TimeControl "180+1"]
[EndTime "11:06:00 PDT"]
[Termination "JelenaKarleusa-SO-18 won on time"]

1. c4 Nf6 2. Nc3 g6 3. e4 d6 4. d4 Bg7 5. f4 O-O 6. Nf3 Bg4 7. Be2 Nfd7 8. h3 Bxf3 9. Bxf3 e5 10. fxe5 c5 11.
exd6 cxd4 12. Nb5 Nc6 13. O-O Qb6 14. Nc7 Rad8 15. Nd5 Qc5 16. Ne7+ Nxe7 17. dxe7 Qxe7 18. Bf4 Nc5 19. Re1 d3 20. Qd2 Ne6 21. Be3 Qc7 22.
Rac1 b6 23. b4 Qg3 24. Bf2 Bd4 25. Rf1 Nf4 26. Kh1 Bxf2 27. Qxf2 Qg5 28. h4 Qh6 29. g3 Ne6 30. Rfd1 Qg7 31. Qe3 Qe5 32. Kg2 Qb2+ 33. Qd2 Qd4 34. Rc3 Qd6 35. Rxd3 Qc7 36. Rxd8 Rxd8 37. Qc2 Rc8 38. Rc1 h5 39. Qd3 Qe5 40. Rc2 Rd8 41. Qc3 Nd4 42. Rd2 Kg7 43. Kf2 f6 44.
Qd3 Nc6 45. Qe2 Rc8 46. Rd5 Qe7 47. b5 Ne5 48. c5 Rxc5 49. Rxc5 Qxc5+ 50. Kg2 Qa3 51. g4 hxg4 52. Bxg4 Nd3 53. Bf3 Nf4+ 0-1

[Event "*** Titled Tuesday Blitz"]
[Site "Chess.com"]
[Date "2021.04.20"]
[Round "6"]
[White "gisela_roque"]
[Black "halldorgretar"]
[Result "1-0"]
[WhiteElo "1807"]
[BlackElo "2119"]
[TimeControl "180+1"]
[EndTime "11:06:00 PDT"]
[Termination "gisela_roque won on time"]

1. c4 c5 2. Nf3 Nf6 3. Nc3 g6 4. g3 Bg7 5. Bg2 O-O 6. O-O Nc6 7. a3 e6 8. Rb1 d5 9. d3 b6 10. b4 cxb4 11. axb4 Bb7 12. c5 Nd7 13. Na4 b5 14. Nb2 a5 15. bxa5 Nxc5 16. Be3 Nd7 17. Na4 Rxa5 18. Nc5 Nxc5 19. Bxc5 Re8 20. Qd2 Qa8 21.
Rfc1 Ra2 22. Qe1 Qa4 23. Bf1 Ra8 24. Qd1 b4 25. Qxa4 R8xa4 26. Ne1 Bc3 27. Nc2 Bd2 28. Nxb4 Nxb4 29. Bxb4 Bxc1 30. Bc3 Bc6 31. Rxc1 Be8 32. Bf6 Kf8 33. Rc8 Ra8 34. Rc1 R8a7 35. e3 Ra8 36. d4 Rb8 37. Rc7 Rba8 38. Bg5 Ra1 39. Bh6+ Kg8 40. Kg2 1-0

[Event "*** Titled Tuesday Blitz"]
[Site "Chess.com"]
[Date "2021.04.20"]
[Round "6"]
[White "iulik86"]
[Black "Srisshhhtea"]
[Result "1-0"]
[WhiteElo "2580"]
[BlackElo "2324"]
[TimeControl "180+1"]
[EndTime "11:06:01 PDT"]
[Termination "iulik86 won on time"]

1. e4 e6 2. d4 d5 3. Nd2 Nc6 4. Ngf3 Nf6 5. e5 Nd7 6. Bd3 f6 7. exf6 Nxf6 8. O-O Bd6 9. c4 O-O 10. Re1 Kh8 11. Nb3 Ng4 12. h3 Nf6 13. Bg5 Bd7 14. Rc1 Qe8 15. Bxf6 Rxf6 16. cxd5 Nb4 17. dxe6 Bc6 18. Be4 Bxe4 19. Rxe4 Nxa2 20. Ra1 Nb4 21. d5 Rf5 22. Rd4 Bf8 23. Qd2 c5 24. dxc6 Nxc6 25. Re4 Rf6 26. Qe3 h6 27. Re1 Be7 28. Rg4 Bb4 29. Re2 Rd8 30. Re4 Rd1+ 31. Kh2 Qe7 32.
g3 Rd6 33. Kg2 Rd1 34. Nh4 Kg8 35. Rg4 Rd6 36. Ng6 Qxe6 37. Nf4 Qxe3 38. Rxe3 a6 39. Nh5 Rg6 40. Rge4 Kh7 41. Nf4 Rgf6 42. h4 1-0

[Event "*** Titled Tuesday Blitz"]
[Site "Chess.com"]
[Date "2021.04.20"]
[Round "6"]
[White "jannat65"]
[Black "ffbp3q"]
[Result "0-1"]
[WhiteElo "2035"]
[BlackElo "2364"]
[TimeControl "180+1"]
[EndTime "11:06:01 PDT"]
[Termination "ffbp3q won by resignation"]

1. e4 c5 2. Nf3 d6 3. d4 cxd4 4.
Nxd4 Nf6 5. Nc3 a6 6. Be3 e5 7. Nb3 Be6 8. Bd3 Nbd7 9. O-O Be7 10. Qe2 O-O 11. Rfd1 Rc8 12. h3 h6 13. f4 Qc7 14.
f5 Bc4 15. g4 Rfe8 16. h4 d5 17. exd5 Bxd5 18. g5 hxg5 19. hxg5 e4 20. Nxd5 Nxd5 21.
Bxe4 Qg3+ 22. Bg2 Nxe3 23. Rxd7 Bxg5 24. Qf3 Qxg2+ 25. Qxg2 Nxg2 26. Kxg2 Rxc2+ 27. Kh1 Rxb2 28. Rg1 Bf6 29. Rd6 Ree2 30. Rgd1 Rh2+ 31. Kg1 Rbg2+ 32. Kf1 Rf2+ 33. Kg1 Be5 34. Rd8+ Kh7 35. R8d3 Rxa2 36. Nc5 Rag2+ 37. Kf1 Rg5 38. Rf3 Rh1+ 39. Ke2 Rg2+ 40. Ke3 Rxd1 41. Nxb7 Rg3 42. Nc5 Rxf3+ 43. Kxf3 a5 44. Nb3 a4 0-1

[Event "*** Titled Tuesday Blitz"]
[Site "Chess.com"]
[Date "2021.04.20"]
[Round "6"]
[White "kubal123"]
[Black "rynos0411"]
[Result "0-1"]
[WhiteElo "2237"]
[BlackElo "2444"]
[TimeControl "180+1"]
[EndTime "11:06:02 PDT"]
[Termination "rynos0411 won by resignation"]

1. Nf3 Nf6 2. g3 g6 3. Bg2 Bg7 4. O-O O-O 5. d4 d6 6. c4 Nc6 7. Nc3 e5 8. d5 Ne7 9. e4 Ne8 10. Ne1 f5 11. Nd3 c6 12. f4 cxd5 13. cxd5 exf4 14.
Bxf4 h6 15. e5 g5 16. exd6 Nxd6 17. Be5 Ng6 18. Bxg7 Kxg7 19. Qe1 Bd7 20. Qf2 Qf6 21. Rae1 Rfe8 22. Nc5 Rxe1 23. Rxe1 Rd8 24. Ne6+ Bxe6 25. Rxe6 Qf7 26. Qd4+ Kh7 27. Qxa7 f4 28. Qf2 Nf5 29. Ne4 Rc8 30. Nf6+ Kh8 31. Qe1 Ne3 32. Be4 Nf8 33.
Rb6 Nc4 34. Qc3 Nxb6 35. Qe5 Nc4 36. Qd4 Qg7 37. d6 Nd7 38. Bxb7 Qxf6 39. Qe4 Rf8 40. Bc6 Qxd6 41. Bxd7 Qxd7 42. Qxc4 Re8 43. Qc3+ Qg7 44.
Qf3 fxg3 45. Qxg3 Qxb2 46. h4 gxh4 47. Qg6 Rg8 0-1

[Event "*** Titled Tuesday Blitz"]
[Site "Chess.com"]
[Date "2021.04.20"]
[Round "6"]
[White "Gerodot71"]
[Black "Durarbayli"]
[Result "0-1"]
[WhiteElo "2589"]
[BlackElo "2758"]
[TimeControl "180+1"]
[EndTime "11:06:03 PDT"]
[Termination "Durarbayli won by resignation"]

1. d4 Nf6 2. c4 c6 3. Nf3 d5 4.
Nc3 dxc4 5. a4 Bf5 6. Ne5 Nbd7 7. Nxc4 Qc7 8. Qd2 g6 9. Qf4 Qxf4 10. Bxf4 Bg7 11. e3 Ne4 12. Be2 h5 13. h3 O-O-O 14. Rc1 Nxc3 15. bxc3 Nb6 16. a5 Nxc4 17. Bxc4 f6 18.
Ke2 e5 19. Bh2 Rhe8 20. Rhd1 Be6 21. Bd3 f5 22. Kf1 Rd5 23. Bc4 Rxa5 24. Bxe6+ Rxe6 25. Rc2 exd4 26. cxd4 Rd5 27. Rd3 Bf8 28. f3 Bd6 29.
Bg1 Bc7 30. Re2 Rb5 31. g4 hxg4 32. hxg4 a5 33. e4 fxe4 34. fxe4 a4 35. Kg2 Bd6 36. d5 cxd5 37. Rc2+ Kd7 38. exd5 Re4 39. Bh2 Rxg4+ 40.
Kh3 Rgb4 41. Rf2 Rb3 42. Rf7+ Ke8 43. Rff3 Rxd3 44. Rxd3 Rb3 45. Rxb3 axb3 46. Be5 Bxe5 0-1

[Event "*** Titled Tuesday Blitz"]
[Site "Chess.com"]
[Date "2021.04.20"]
[Round "6"]
[White "PchelkinVK"]
[Black "4empechement"]
[Result "1-0"]
[WhiteElo "2638"]
[BlackElo "2475"]
[TimeControl "180+1"]
[EndTime "11:06:03 PDT"]
[Termination "PchelkinVK won by resignation"]

1. d4 Nf6 2. Nc3 d5 3. Bf4 c5 4. e4 e6 5. e5 Nfd7 6. dxc5 Bxc5 7. Nf3 Nc6 8. Bd3 h6 9. O-O O-O 10. Qd2 b6 11. Rae1 f5 12. Bb5 Ne7 13. Bxh6 gxh6 14. Qxh6 Rf7 15. Ng5 Nf8 16. Nxf7 Kxf7 17. h4 Bb7 18.
Rd1 Ng8 19. Qh5+ Kg7 20. Rd3 f4 21. Ne2 Ng6 22. g3 Nxe5 23. Qxe5+ Qf6 24. Qxf6+ Nxf6 25. Nxf4 e5 26. Ng2 e4 27. Rd2 Rf8 28. c3 Ng4 29. b4 Bd6 30. Be2 Nf6 31. Ne3 Be5 32. c4 d4 33. Nf5+ Kf7 34. Nxd4 Rd8 35. Rfd1 Rg8 36. Nf5 Ke6 37. Ne3 a6 38. c5 b5 39. Bf1 Bc6 40. Bh3+ Ke7 41. Nf5+ Kf7 42. Nd4 Bd5 43. Nf5 Bc6 44.
Nh6+ 1-0

[Event "*** Titled Tuesday Blitz"]
[Site "Chess.com"]
[Date "2021.04.20"]
[Round "6"]
[White "AttractiveMustard"]
[Black "chesslh19"]
[Result "0-1"]
[WhiteElo "2356"]
[BlackElo "2239"]
[TimeControl "180+1"]
[EndTime "11:06:03 PDT"]
[Termination "chesslh19 won on time"]

1. e4 e5 2. Nf3 Nf6 3. Nxe5 d6 4. Nf3 Nxe4 5. d4 d5 6. Bd3 Be7 7. O-O Nc6 8. Nc3 Bf5 9. Re1 Nxc3 10. bxc3 Bxd3 11.
Qxd3 O-O 12. Re2 Bf6 13. Bf4 Re8 14. Rae1 Rxe2 15. Rxe2 h6 16. h3 Qd7 17. Re3 Na5 18.
Re2 Nc4 19. Be5 Bxe5 20. Nxe5 Nxe5 21. Rxe5 Re8 22. Rxe8+ Qxe8 23. c4 Qa4 24. cxd5 Qxa2 25. Qe4 g6 26. Qe5 a5 27. Qe8+ Kg7 28. Qe5+ Kh7 29.
d6 cxd6 30. Qxd6 Qxc2 31. d5 a4 32. Qd7 Qc1+ 33. Kh2 Qf4+ 34. Kg1 Qc1+ 35. Kh2 Qf4+ 36. Kg1 a3 37. d6 a2 38. Qe7 a1=Q+ 0-1

[Event "*** Titled Tuesday Blitz"]
[Site "Chess.com"]
[Date "2021.04.20"]
[Round "6"]
[White "ehrenfeld"]
[Black "chessdjw"]
[Result "0-1"]
[WhiteElo "2541"]
[BlackElo "2740"]
[TimeControl "180+1"]
[EndTime "11:06:04 PDT"]
[Termination "chessdjw won by resignation"]

1. e4 e5 2. Nc3 Nc6 3. Bc4 Bc5 4.
Qg4 g6 5. Qg3 Nf6 6. Nge2 d6 7.
d3 h6 8. Be3 Bxe3 9. Qxe3 Na5 10. O-O Nxc4 11. dxc4 Ng4 12. Qd2 Qg5 13. Qxg5 hxg5 14.
Nd5 Kd8 15. h3 c6 16. Ndc3 Nf6 17. f3 Ke7 18. Rfd1 Be6 19. b3 Nh5 20. a4 a5 21.
Rd2 f5 22. Rad1 Rad8 23. Kf2 Nf4 24. Nxf4 gxf4 25. Re1 b6 26. Rde2 Rd7 27. Nd1 Kf6 28.
Nb2 fxe4 29. Rxe4 Bf5 30. R4e2 Re8 31. Nd3 Rde7 32. Rd2 d5 33. cxd5 cxd5 34. Rde2 Bxd3 35. cxd3 Rc8 36. d4 Rce8 37. dxe5+ Rxe5 38. Rxe5 Rxe5 39. Rc1 Re6 40. Rd1 Ke5 41. Ke2 Rc6 42. Kd3 d4 43. Re1+ Kd5 44. Re8 Rc3+ 45. Kd2 Rxb3 46. Rd8+ Kc4 47.
Rf8 Rb2+ 48. Kc1 Rxg2 49. Rxf4 Kc3 0-1

[Event "*** Titled Tuesday Blitz"]
[Site "Chess.com"]
[Date "2021.04.20"]
[Round "6"]
[White "Loy_Konstantin"]
[Black "ukchessbomber"]
[Result "0-1"]
[WhiteElo "2379"]
[BlackElo "2520"]
[TimeControl "180+1"]
[EndTime "11:06:04 PDT"]
[Termination "ukchessbomber won on time"]

1. e4 Nc6 2. Nf3 d5 3. exd5 Qxd5 4. Nc3 Qh5 5. Be2 Bg4 6. O-O O-O-O 7. h3 Bxf3 8. Bxf3 Qg6 9. Bh5 Qf6 10. Ne4 Qe5 11. Re1 Qd5 12. Nc3 Qd7 13. Bxf7 e5 14. Bh5 Nf6 15. d3 Bc5 16. Be3 Be7 17. Bg4 Nxg4 18. Qxg4 h5 19. Qxd7+ Rxd7 20. a3 Rf8 21. Re2 Bh4 22.
Rae1 Rdf7 23. Ne4 b6 24. g3 Be7 25. Kg2 Rf5 26. Nc3 Bc5 27. Ne4 Be7 28. g4 hxg4 29. hxg4 Rf3 30. Nd2 R3f6 31. f3 Bc5 32. Bxc5 bxc5 33.
c3 Rd6 34. Re3 Rfd8 35. Nc4 Rxd3 36. Nxe5 Nxe5 37. Rxe5 Rf8 38. R5e3 Rd2+ 39. R1e2 Rd1 40. Kg3 Kb7 41. Re5 Kb6 42. Re6+ c6 43. Re7 g5 44.
R7e5 Rg1+ 45. Rg2 Rf1 46. Rf2 Rg1+ 47. Kh2 Rxg4 48. fxg4 Rxf2+ 49. Kg3 Rxb2 50. Rxg5 Rb3 51. Rg8 Rxc3+ 52. Kf4 Rxa3 53. g5 Ra1 54. g6 Rg1 55. g7 Kb7 56. Kf5 c4 57. Kf6 c3 58. Rh8 c2 59. Rh7 Kb6 0-1

[Event "*** Titled Tuesday Blitz"]
[Site "Chess.com"]
[Date "2021.04.20"]
[Round "6"]
[White "Steegersee"]
[Black "erdni1993"]
[Result "1-0"]
[WhiteElo "2242"]
[BlackElo "2409"]
[TimeControl "180+1"]
[EndTime "11:06:04 PDT"]
[Termination "Steegersee won by resignation"]

1. d4 c5 2. d5 Nf6 3. c4 e6 4. Nc3 exd5 5. cxd5 Bd6 6. Nf3 O-O 7. g3 h6 8. Bg2 Re8 9. O-O a6 10. a4 Bc7 11.
Nd2 d6 12. Nc4 Nbd7 13. e4 Rb8 14. a5 Ne5 15. Nxe5 Rxe5 16. Bf4 Re8 17. Qc2 g5 18. Bd2 Bxa5 19. f4 g4 20. e5 dxe5 21. fxe5 Bxc3 22.
Bxc3 Nxd5 23. Rxf7 Kxf7 24. Qh7+ Ke6 25. Qg6+ Ke7 26.
Qg7+ Ke6 27. Rd1 Qe7 28. Qg6+ Kd7 29. Bxd5 Kc7 30. e6 Qd6 31. Bb3 Bxe6 32. Rxd6 Kxd6 33. Bxe6 Rxe6 34. Qxg4 Rbe8 35. Qf4+ Kc6 36. Qf7 b5 37. Kg2 b4 38. Bf6 c4 39. Qa7 Kb5 40. Qb7+ Rb6 41. Qd7+ Kc5 42. Qxe8 c3 43. Be7+ Kd4 44. Qd8+ Kc4 45.
Qxb6 Kd3 46. Qxb4 c2 47. Qc3+ 1-0

[Event "*** Titled Tuesday Blitz"]
[Site "Chess.com"]
[Date "2021.04.20"]
[Round "6"]
[White "Blitzking642"]
[Black "1977Ivan"]
[Result "1/2-1/2"]
[WhiteElo "2464"]
[BlackElo "2709"]
[TimeControl "180+1"]
[EndTime "11:06:05 PDT"]
[Termination "Game drawn by repetition"]

1. e4 g6 2. d4 Nf6 3. Nc3 d5 4. e5 Ne4 5. h4 c5 6. Nxe4 dxe4 7. dxc5 Qxd1+ 8. Kxd1 Nc6 9. Bb5 Bg4+ 10. Ke1 O-O-O 11.
Bf4 Bg7 12. Bxc6 bxc6 13. Ne2 Rd5 14. b4 Bxe5 15. Bxe5 Rxe5 16. c3 Rd5 17. Nd4 Kc7 18.
f3 exf3 19. gxf3 e5 20. fxg4 exd4 21. c4 Re5+ 22. Kd2 Rhe8 23. Rae1 a5 24. a3 Kd7 25. Rxe5 Rxe5 26. Re1 Rxe1 27. Kxe1 f5 28. gxf5 gxf5 29. Ke2 f4 30. Kd3 f3 31. b5 Kc7 32. h5 Kb7 33. a4 Kc7 34. h6 Kb7 35. Kd2 Kb8 36. Kd3 Kc8 37. Kd2 Kd7 38. b6 Kc8 39. Kd3 Kb8 40. Kd2 Kb7 41. Kd3 Ka6 42. Kd2 Kb7 43. Kd3 Kc8 44. Kd2 Kd7 45. Kd3 Kd8 46. Kd2 Kc8 47.
Kd3 Kb7 48. Kd2 Ka6 49. Kd3 Kb7 50. Kd2 Ka6 51. Kd3 Kb7 1/2-1/2